 Dungeon Crawl Stone Soup version 0.28-a0-998-gb9e9c7b67e (webtiles) character file.

Game seed: 17255401125168562283

943 demibob the Ruffian (level 7, -3/49 (50) HPs)
             Began as a Demonspawn Wanderer on Dec 6, 2021.
             Was an Elder of Nemelex Xobeh.
             Slain by a wight (8 damage)
             ... on level 6 of the Dungeon.
             The game lasted 00:06:09 (5403 turns).

demibob the Ruffian (Demonspawn Wanderer)           Turns: 5403, Time: 00:06:10

HP:   -3/49 (50)    AC: 10    Str: 15    XL:     7   Next: 88%
MP:   18/18         EV:  9    Int: 11    God:    Nemelex Xobeh [****..]
Gold: 250           SH:  0    Dex: 14    Spells: 6/6 levels left

rFire   . . .      SeeInvis .     - Unarmed
rCold   . . .      Faith    +   (no shield)
rNeg    . . .      Spirit   .   l - +3 scale mail
rPois   .          Reflect  .   (helmet restricted)
rElec   .          Harm     .   e - +0 cloak
rCorr   .          Rampage  .   (no gloves)
Will    .....                   (no boots)
Stlth   ..........              r - amulet of faith {!P}
HPRegen 0.16/turn               M - ring of magical power
MPRegen 0.16/turn               (no ring)

@: studying Stealth, lightly drained
A: claws 2, horns 1, powered by death 1
a: Renounce Religion, Draw Escape, Draw Destruction, Draw Summoning, Triple
Draw, Deal Four


You were on level 6 of the Dungeon.
You worshipped Nemelex Xobeh.
Nemelex Xobeh was greatly pleased with you.
You visited 1 branch of the dungeon, and saw 6 of its levels.

You collected 250 gold pieces.


Innate Abilities, Weirdness & Mutations

You have very sharp fingernails.
You have a pair of small horns on your head.
You regenerate a little health from kills.


   Skills:
 - Level 2.0 Fighting
 - Level 3.2 Polearms
 - Level 3.0 Armour
 - Level 1.0 Stealth
 * Level 6.7 Unarmed Combat
 - Level 3.0 Summonings
 + Level 3.4 Invocations
 - Level 1.0 Evocations


You had 6 spell levels left.
You didn't know any spells.
Your spell library contained the following spells:

 Spells                   Type           Power      Damage    Failure   Level
 Freeze                   Ice            0%         1d3       80%         1
 Frozen Ramparts          Ice            0%         1d2       99%         3
 Animate Armour           Summ/Erth      6%         N/A       100%        4
 Hailstorm                Conj/Ice       0%         3d3       100%        4
 Blade Hands              Tmut           0%         N/A       100%        5
 Summon Forest            Summ/Tloc      1%         N/A       100%        5
 Summon Mana Viper        Hex/Summ       3%         N/A       100%        5
 Iron Shot                Conj/Erth      0%         9d1       100%        6
 Summon Cactus Giant      Summ           3%         N/A       100%        6

Inventory:

Hand Weapons
 a - a +3 spear
Missiles
 n - 24 poisoned darts
Armour
 e - a +0 cloak (worn)
 l - a +3 scale mail (worn)
Jewellery
 r - an amulet of faith (around neck) {!P}
 C - a ring of ice
 M - a ring of magical power (left claw)
Scrolls
 d - a scroll of acquirement {unknown}
 h - a scroll of fear
 k - a scroll of magic mapping
 o - 3 scrolls of teleportation {@r2}
 p - 2 scrolls of vulnerability
 s - a scroll of identify {@r1}
Potions
 b - 4 potions of curing {@q1}
 f - a potion of brilliance
 g - 3 potions of mutation
 i - a potion of resistance
 m - a potion of attraction
 q - a potion of flight
Miscellaneous
 c - a piece from Xom's chessboard (15/15) (quivered)

Dungeon Overview and Level Annotations

Branches:
Dungeon (6/15)             Temple (0/1) D:5

Altars:
Nemelex Xobeh
Okawaru
Zin

Annotations:
D:3 3 runed translucent doors, AmazingEquinox's ghost, amateur HOFi

#.#.##......# ######...# .#
#.#.........#########...###.#
#...###.....#...)?.##..<..<.#
#.#.#
#.....#.........##.#.###
.....#
#######................. ..
#.# #####............##.#.
... #.# #..)'......#.##..##.#
#.###z.......##.....#
#@.........(....#
#...............#
######............
............####
....######### ..... .....
....


You could see a wight.


Message History

You destroy the wight!
Your life force feels restored.
Unknown command.
You start resting.
A wight comes into view. It is wielding a +4 vorpal flail.
You claw the wight! Your headbutt misses the wight.
The wight is heavily damaged.
The wight hits you but does no damage.
You closely miss the wight. You headbutt the wight. You claw the wight.
The wight is severely damaged.
The wight barely misses you.
You closely miss the wight.
You headbutt the wight, but do no damage.
The wight is severely damaged.
The wight hits you with a +4 vorpal flail!
* * * LOW HITPOINT WARNING * * *
You feel drained.
* * * LOW HITPOINT WARNING * * *
x2 You closely miss the wight.
Your headbutt misses the wight.
The wight is severely damaged.
The wight hits you with a +4 vorpal flail!
* * * LOW HITPOINT WARNING * * *
x2 You completely miss the wight.
The wight is severely damaged.
The wight barely misses you.
You scratch the wight but do no damage.
The wight is severely damaged.
The wight hits you with a +4 vorpal flail!
You die...
Your body glows slightly and disappears.

Skill      XL: |  1  2  3  4  5  6  7 |
---------------+----------------------+-----
Polearms       | 3 |  3.2
Unarmed Combat | 1 2 3 4 5 6 |  6.7
Invocations    | 1 2 3 |  3.4
Armour         | 2 3 |  3.0
Fighting       | |  2.0
Stealth        | |  1.0
Summonings     | |  3.0
Evocations     | |  1.0

Action                   |  1- 3 |  4- 6 |  7- 9 || total
-------------------------+-------+-------+-------++-------
Melee: Spear             |   118 |    21 |       ||   139
       Punch             |     1 |     1 |     3 ||     5
       Unarmed           |       |    76 |    57 ||   133
       Headbutt          |       |       |    19 ||    19
Invok: Draw Destruction  |     1 |     1 |     1 ||     3
       Draw Escape       |     1 |       |       ||     1
       Draw Summoning    |       |     2 |       ||     2
  Use: Scroll            |     7 |     6 |     2 ||    15
       Potion            |       |       |     1 ||     1
 Stab: Sleeping          |    10 |       |       ||    10
       Distracted        |       |     1 |       ||     1
Armor: Robe              |    28 |     2 |       ||    30
       Scale mail        |       |    32 |    28 ||    60
Dodge: Dodged            |    37 |    36 |    26 ||    99

Levels and vault maps discovered:
D:1:      minmay_arrival_three_doors, layout_loops_corners, serial_forest,
          infiniplex_forest_end_2, infiniplex_forest_clump_double,
          infiniplex_forest_straight_2, infiniplex_forest_pool,
          infiniplex_forest_corner_1, infiniplex_forest_straight_5,
          hellmonk_ecumenical_altar_pennies_from_heaven
D:2:      kennysheep_six_static_rooms, layout_loops_corners, minmay_heptomino_l4
D:3:      cheibrodos_thug_alley, layout_basic, gammafunk_ghost_necromancy,
          kennysheep_jessica_study
D:4:      layout_rooms, zin_treasury, mainiacjoe_overflow_boulevard
D:5:      layout_rooms, minmay_temple_entry_drinking_statues, minmay_door_square
D:6:      layout_basic, gammafunk_ghost_arena, nicolae_shop_firing_range

Notes
Turn   | Place    | Note
-------+----------+-------------------------------------------
     0 | D:1      | demibob the Demonspawn Wanderer began the quest for the
                  | Orb.
     0 | D:1      | demibob set off with the following items: a +2 spear, a
                  | potion of curing {@q1}, a piece from Xom's chessboard
                  | (15/15), a +0 robe
     0 | D:1      | Reached XP level 1. HP: 16/16 MP: 1/1
   213 | D:1      | Reached skill level 3 in Polearms
   250 | D:1      | Found a faded altar of an unknown god.
   410 | D:1      | Prayed at the altar of an unknown god.
   410 | D:1      | Became a worshipper of Nemelex Xobeh the Trickster
   410 | D:1      | Reached * piety under Nemelex Xobeh
   532 | D:1      | You feel monstrous as your demonic heritage exerts itself.
   532 | D:1      | Discovered your monstrous ancestry.
   532 | D:1      | Gained mutation: You have sharp fingernails. [demonic
                  | ancestry]
   532 | D:1      | Reached XP level 2. HP: 22/22 MP: 2/2
   774 | D:1      | Received a gift from Nemelex Xobeh
  1278 | D:2      | Reached skill level 1 in Unarmed Combat
  1278 | D:2      | Reached skill level 1 in Invocations
  1438 | D:2      | Reached ** piety under Nemelex Xobeh
  1580 | D:2      | Reached XP level 3. HP: 26/27 MP: 3/3
  2312 | D:3      | Reached skill level 2 in Unarmed Combat
  2414 | D:3      | Reached skill level 2 in Invocations
  2438 | D:3      | Gained mutation: You regenerate a little health from kills.
                  | [demonic ancestry]
  2438 | D:3      | Reached XP level 4. HP: 16/33 MP: 5/5
  2450 | D:3      | Noticed a kobold brigand
  2741 | D:3      | Reached skill level 3 in Unarmed Combat
  2788 | D:3      | Gained mutation: You have very sharp fingernails. [demonic
                  | ancestry]
  2788 | D:3      | Reached XP level 5. HP: 38/38 MP: 6/6
  2912 | D:3      | Reached skill level 4 in Unarmed Combat
  2979 | D:3      | Reached XP level 6. HP: 31/44 MP: 7/7
  3177 | D:3      | Found a runed translucent gate.
  3177 | D:3      | Found a runed translucent gate.
  3178 | D:3      | Found a runed translucent gate.
  3180 | D:3      | Noticed AmazingEquinox's ghost (amateur HOFi)
  3240 | D:3      | Noticed Jessica
  3252 | D:3      | Killed Jessica
  3253 | D:3      | Reached skill level 1 in Armour
  3736 | D:4      | Reached skill level 5 in Unarmed Combat
  3776 | D:4      | Reached *** piety under Nemelex Xobeh
  3858 | D:4      | Found an iron altar of Okawaru.
  3917 | D:4      | Received a gift from Nemelex Xobeh
  3927 | D:4      | Identified a potion of resistance
  3948 | D:4      | Reached skill level 2 in Armour
  4470 | D:5      | Entered Level 5 of the Dungeon
  4569 | D:5      | Found a staircase to the Ecumenical Temple.
  4645 | D:5      | Gained mutation: You have a pair of small horns on your
                  | head. [demonic ancestry]
  4645 | D:5      | Reached XP level 7. HP: 50/50 MP: 8/8
  4875 | D:5      | Reached skill level 6 in Unarmed Combat
  4921 | D:5      | Received a gift from Nemelex Xobeh
  5259 | D:6      | Reached skill level 3 in Armour
  5290 | D:6      | Reached **** piety under Nemelex Xobeh
  5299 | D:6      | Reached skill level 3 in Invocations
  5403 | D:6      | Slain by a wight

Vanquished Creatures
  A sky beast (D:6)
  A necrophage (D:4)
  A centaur (D:5)
  2 kobold brigands (D:3)
  A water moccasin zombie (D:5)
  2 wights (D:6)
  A centaur zombie (D:6)
  2 hounds
  Jessica (D:3)
  An orc wizard (D:3)
  An iguana (D:5)
  A hound skeleton (D:3)
  7 adders
  A white imp (D:5)
  An ufetubus (D:4)
  An adder skeleton (D:5)
  A worm (D:2)
  4 orcs (D:3)
  6 ball pythons
  6 bats
  2 endoplasms
  2 giant cockroaches
  3 goblins
  4 hobgoblins
  11 kobolds
  4 quokkas
  A frilled lizard (D:1)
  5 rats
74 creatures vanquished.

Vanquished Creatures (collateral kills)
  A hound (D:5)
  An adder (D:3)
  4 gnolls (D:3)
6 creatures vanquished.

Grand Total: 80 creatures vanquished

Table legend: (Time is in decaauts)
 A = Elapsed time spent in this place.
 B = Non-inter-level travel time spent in this place.
 C = Inter-level travel time spent in this place.
 D = Time resting spent in this place.
 E = Time spent auto-exploring this place.
 F = Levels seen in this place.
 G = Mean time per level.
                   A        B        C        D        E       F      G
               +--------+--------+--------+--------+--------+-----+--------+
         Total |   5385 |   5186 |    199 |    545 |   3974 |   6 |  897.5 |
       Dungeon |   5385 |   5186 |    199 |    545 |   3974 |   6 |  897.5 |
               +--------+--------+--------+--------+--------+-----+--------+

Top non-repeatable levels by time:
     D:2: 1271 daAuts
     D:3: 1184 daAuts
     D:1: 1117 daAuts
     D:4: 886 daAuts
     D:5: 755 daAuts
     D:6: 169 daAuts

Table legend:
 A = Non-vault XP
 B = Vault XP
 C = Vault XP percentage of total XP
 D = Non-vault monster count
 E = Vault monster count
 F = Vault count percentage of total count
                 A         B        C        D         E       F
            +---------+---------+-------+---------+---------+-------
      Total |    1061 |     287 |  21.3 |      58 |      22 |  27.5
            +---------+---------+-------+---------+---------+-------
        D:1 |      15 |       0 |   0.0 |       8 |       0 |   0.0
        D:2 |      24 |      30 |  55.6 |       7 |      10 |  58.8
        D:3 |     151 |     257 |  63.0 |      20 |      12 |  37.5
        D:4 |     198 |       0 |   0.0 |       8 |       0 |   0.0
        D:5 |     377 |       0 |   0.0 |      11 |       0 |   0.0
        D:6 |     296 |       0 |   0.0 |       4 |       0 |   0.0
            +---------+---------+-------+---------+---------+-------
